 Dungeon Crawl Stone Soup version 0.28-a0-828-g0121872642 (webtiles) character file.

Game seed: 9203264982675168151

154 flotson the Covert (level 5, -7/47 HPs)
             Began as a Gnoll Delver on Nov 10, 2021.
             Mangled by an iguana (10 damage)
             ... on level 4 of the Dungeon.
             The game lasted 00:05:10 (3879 turns).

flotson the Covert (Gnoll Delver)                   Turns: 3879, Time: 00:05:11

Health: -7/47      AC: 10    Str: 13    XL:     5   Next: 36%
Magic:  7/7        EV:  6    Int:  9    God:
Gold:   166        SH:  0    Dex: 10    Spells: 6/6 levels left

rFire   + . .      SeeInvis .   a - +0 hand axe
rCold   . . .      Faith    .   (no shield)
rNeg    . . .      Spirit   .   d - +2 chain mail of the Orcish Mines {rF+ Will+ Dex-3}
rPois   .          Reflect  .   (no helmet)
rElec   .          Harm     .   (no cloak)
rCorr   .          Rampage  .   (no gloves)
Will    +....                   (no boots)
Stlth   +.........              (no amulet)
HPRegen 0.15/turn               (no ring)
MPRegen 0.10/turn               (no ring)

@: no status effects
A: fangs 1, strong nose, distributed training
a: no special abilities


You were on level 4 of the Dungeon.
You visited 1 branch of the dungeon, and saw 5 of its levels.

You collected 166 gold pieces.

Inventory:

Hand Weapons
 a - a +0 hand axe (weapon)
 b - a +2 hunting sling of flaming
Missiles
 h - 5 javelins (quivered)
 o - 32 poisoned darts
 p - 12 sling bullets
Armour
 d - the +2 chain mail of the Orcish Mines (worn) {rF+ Will+ Dex-3}
   (You found it on level 4 of the Dungeon)

   Dex:       It affects your dexterity (-3).
   rF:        It protects you from fire.
   Will:      It increases your willpower.
 n - a +0 leather armour
Jewellery
 k - an amulet of the acrobat
 y - a ring of magical power
Wands
 g - a wand of digging (3)
Scrolls
 c - a scroll of fog
 e - a scroll of summoning {unknown}
 j - 4 scrolls of identify {unknown}
 l - 2 scrolls of teleportation {unknown}
 m - a scroll of brand weapon {unknown}
 v - a scroll of enchant armour {unknown}
 w - a scroll of magic mapping
 z - a scroll of enchant weapon {unknown}
 B - a scroll of noise {unknown}
Potions
 f - 2 potions of haste
 i - 4 potions of curing {unknown}
 q - a potion of attraction {unknown}
 r - 3 potions of flight {unknown}
 s - 2 potions of heal wounds {unknown}
 t - a potion of might {unknown}
 u - a potion of lignification {unknown}
 x - a potion of degeneration {unknown}
 A - a potion of brilliance {unknown}


   Skills:
 + Level 6.7 Fighting
 + Level 1.4 Short Blades
 + Level 1.4 Long Blades
 + Level 4.8 Axes
 + Level 1.4 Maces & Flails
 + Level 1.4 Polearms
 + Level 1.4 Staves
 + Level 1.4 Slings
 + Level 1.4 Bows
 + Level 1.4 Crossbows
 + Level 1.4 Throwing
 + Level 1.4 Armour
 + Level 4.8 Dodging
 + Level 9.7 Stealth
 + Level 1.4 Shields
 + Level 1.4 Unarmed Combat
 + Level 1.4 Spellcasting
 + Level 1.1 Conjurations
 + Level 1.1 Hexes
 + Level 1.1 Summonings
 + Level 1.1 Necromancy
 + Level 1.1 Translocations
 + Level 1.1 Transmutations
 + Level 1.1 Fire Magic
 + Level 1.1 Ice Magic
 + Level 1.1 Air Magic
 + Level 1.1 Earth Magic
 + Level 1.1 Poison Magic
 + Level 1.6 Invocations
 + Level 1.4 Evocations


You had 6 spell levels left.
You didn't know any spells.
Your spell library contained the following spells:

 Spells                   Type           Power      Damage    Failure   Level
 Foxfire                  Conj/Fire      8%         2x1d4     100%        1
 Conjure Flame            Conj/Fire      2%         6-21      100%        3
 Dazzling Flash           Conj/Hex       4%         N/A       100%        3
 Inner Flame              Hex/Fire       2%         N/A       100%        3
 Flame Wave               Conj/Fire      2%         3d3       100%        4
 Agony                    Necr           2%         N/A       100%        5
 Silence                  Hex/Air        1%         N/A       100%        5


Dungeon Overview and Level Annotations

Branches:
Dungeon (5/15)
 Temple: D:4-7

Altars:
Dithmenos
Elyvilon

Shops:
D:2 (


Innate Abilities, Weirdness & Mutations

You have very sharp teeth.
Your uncanny sense of smell can sniff out nearby items.
Your experience applies equally to all skills.


Message History

You barely miss the iguana. The iguana bites you!
You hit the iguana.
The iguana is moderately wounded.
The iguana bites you.
You hit the iguana but do no damage.
The iguana is moderately wounded.
The iguana bites you but does no damage.
The iguana closely misses you.
You hit the iguana but do no damage.
The iguana is moderately wounded.
The iguana bites you!
You hit the iguana.
The iguana is heavily wounded.
The iguana bites you.
You hit the iguana but do no damage. Your bite misses the iguana.
The iguana is heavily wounded.
The iguana bites you but does no damage.
You barely miss the iguana.
The iguana is heavily wounded.
The iguana bites you!
You are too injured to fight recklessly!
You are too injured to fight recklessly!
You are too injured to fight recklessly!
You are too injured to fight recklessly!
You are too injured to fight recklessly!
You closely miss the iguana.
The iguana is heavily wounded.
The iguana bites you!
* * * LOW HITPOINT WARNING * * *
You hit the iguana but do no damage.
The iguana is heavily wounded.
The iguana bites you but does no damage.
You barely miss the iguana.
The iguana is heavily wounded.
The iguana bites you!
* * * LOW HITPOINT WARNING * * *
You barely miss the iguana.
The iguana is heavily wounded.
The iguana bites you!
You die...

.# ♣...≈≈≈...♣ ##
♣♣.......♣♣ ♣♣.....♣♣
# ♣♣...♣♣ .#
♣♣.....♣♣ .#
♣♣.......♣♣ #.# .
♣...≈≈≈...♣##.# ...
##..≈≈≈≈≈......#.....
#...≈≈♣≈≈....@l....#
##...≈≈≈≈≈..#......##
##.#...≈≈≈...##....##
##.###...[...####..##
#.## ##.....## ###
.## ##..### ## ..## #
.#


You could see an iguana.

Vanquished Creatures
  A hound (D:4)
  An iguana (D:4)
  A gnoll (D:1)
  2 adders
  An adder skeleton (D:4)
  2 worms
  5 endoplasms
  3 giant cockroaches (D:3)
  5 goblins
  8 hobgoblins
  4 jackals (D:4)
  3 quokkas
  5 ball pythons
  3 bats
  5 frilled lizards
  8 kobolds
  5 rats
62 creatures vanquished.

Vanquished Creatures (others)
  A plant (D:1)
1 creature vanquished.

Grand Total: 63 creatures vanquished

Notes
Turn   | Place    | Note
-------+----------+-------------------------------------------
     0 | D:5      | Reached skill level 9 in Stealth
     0 | D:5      | flotson the Gnoll Delver began the quest for the Orb.
     0 | D:5      | Reached XP level 1. HP: 23/23 MP: 1/1
    20 | D:5      | Noticed a hound
    38 | D:5      | Noticed a scorpion
   110 | D:4      | Reached XP level 2. HP: 22/29 MP: 2/2
   115 | D:4      | Identified the +2 chain mail of the Orcish Mines {rF+ Will+
                  | Dex-3}
   227 | D:4      | Found a shadowy altar of Dithmenos.
   879 | D:1      | Reached XP level 3. HP: 34/35 MP: 3/3
  1070 | D:1      | Reached skill level 1 in Invocations
  1460 | D:2      | Reached skill level 1 in Short Blades
  1460 | D:2      | Reached skill level 1 in Long Blades
  1460 | D:2      | Reached skill level 1 in Maces & Flails
  1460 | D:2      | Reached skill level 1 in Polearms
  1460 | D:2      | Reached skill level 1 in Staves
  1460 | D:2      | Reached skill level 1 in Slings
  1460 | D:2      | Reached skill level 1 in Bows
  1460 | D:2      | Reached skill level 1 in Crossbows
  1460 | D:2      | Reached skill level 1 in Throwing
  1460 | D:2      | Reached skill level 1 in Armour
  1460 | D:2      | Reached skill level 1 in Shields
  1460 | D:2      | Reached skill level 1 in Unarmed Combat
  1460 | D:2      | Reached skill level 1 in Spellcasting
  1460 | D:2      | Reached skill level 1 in Evocations
  1460 | D:2      | Reached XP level 4. HP: 27/41 MP: 5/5
  1868 | D:2      | Found Dunuipp's Antique Weapon Boutique.
  1940 | D:2      | Found a faded altar of an unknown god.
  2887 | D:3      | Reached skill level 1 in Conjurations
  2887 | D:3      | Reached skill level 1 in Hexes
  2887 | D:3      | Reached skill level 1 in Summonings
  2887 | D:3      | Reached skill level 1 in Necromancy
  2887 | D:3      | Reached skill level 1 in Translocations
  2887 | D:3      | Reached skill level 1 in Transmutations
  2887 | D:3      | Reached skill level 1 in Fire Magic
  2887 | D:3      | Reached skill level 1 in Ice Magic
  2887 | D:3      | Reached skill level 1 in Air Magic
  2887 | D:3      | Reached skill level 1 in Earth Magic
  2887 | D:3      | Reached skill level 1 in Poison Magic
  3470 | D:4      | Reached XP level 5. HP: 45/47 MP: 5/7
  3550 | D:4      | Found a white marble altar of Elyvilon.
  3878 | D:4      | HP: 2/47 [iguana (7)]
  3879 | D:4      | Mangled by an iguana

Illustrated notes

Levels and vault maps discovered:
D:1:      dpeg_arrival_stonehenge_8_columns, layout_basic, serial_bayou,
          serial_bayou_pond_d, serial_bayou_pond_c, serial_bayou_shore_b,
          serial_bayou_shore_b, hangedman_decor_peaks_small
D:2:      layout_rooms, serial_shops, nicolae_shop_window_shopping,
          dreamdust_ecumenical_altar_statues, minivault_23, minivault_19
D:3:      layout_basic, minivault_19, kennysheep_small_spiral
D:4:      layout_layer_cave, elyvilon_altar_3, grunt_dithmenos_smoke_and_mirrors
D:5:      cheibrodos_barr_body, layout_rooms, general_overflow_altar,
          chequers_serial_rivers_marsh, item_on_display_a

Skill      XL: |  1  2  3  4 |
---------------+-------------+-----
Stealth        | |  9.7
Invocations    | 1 |  1.6
Short Blades   | 1 |  1.4
Long Blades    | 1 |  1.4
Maces & Flails | 1 |  1.4
Polearms       | 1 |  1.4
Staves         | 1 |  1.4
Slings         | 1 |  1.4
Bows           | 1 |  1.4
Crossbows      | 1 |  1.4
Throwing       | 1 |  1.4
Armour         | 1 |  1.4
Shields        | 1 |  1.4
Unarmed Combat | 1 |  1.4
Spellcasting   | 1 |  1.4
Evocations     | 1 |  1.4
Conjurations   | 1 |  1.1
Hexes          | 1 |  1.1
Summonings     | 1 |  1.1
Necromancy     | 1 |  1.1
Translocations | 1 |  1.1
Transmutations | 1 |  1.1
Fire Magic     | 1 |  1.1
Ice Magic      | 1 |  1.1
Air Magic      | 1 |  1.1
Earth Magic    | 1 |  1.1
Poison Magic   | 1 |  1.1
Fighting       | |  6.7
Axes           | |  4.8
Dodging        | |  4.8

Action                   |  1- 3 |  4- 6 || total
-------------------------+-------+-------++-------
Melee: Hand axe          |   135 |    94 ||   229
       Bite              |    17 |     6 ||    23
 Fire: Hunting sling     |       |    21 ||    21
  Use: Scroll            |     2 |       ||     2
 Stab: Sleeping          |     2 |       ||     2
Armor: Leather armour    |     6 |       ||     6
       Chain mail        |    99 |    52 ||   151
Dodge: Dodged            |    37 |    30 ||    67

Table legend: (Time is in decaauts)
 A = Elapsed time spent in this place.
 B = Non-inter-level travel time spent in this place.
 C = Inter-level travel time spent in this place.
 D = Time resting spent in this place.
 E = Time spent auto-exploring this place.
 F = Levels seen in this place.
 G = Mean time per level.
                   A        B        C        D        E       F      G
               +--------+--------+--------+--------+--------+-----+--------+
         Total |   3906 |   3600 |    306 |      0 |   3022 |   5 |  781.2 |
       Dungeon |   3906 |   3600 |    306 |      0 |   3022 |   5 |  781.2 |
               +--------+--------+--------+--------+--------+-----+--------+

Top non-repeatable levels by time:
     D:3: 1193 daAuts
     D:1: 976 daAuts
     D:4: 887 daAuts
     D:2: 779 daAuts
     D:5: 70 daAuts
